 Dungeon Crawl Stone Soup version 0.24.0-29-g8ce449bc06 (webtiles) character file.

Game seed: 10769446965641256991, levelgen mode: deterministic

4319 Edgeworth the Basher (level 10, 86/86 HPs)
             Began as a Grey Draconian Berserker on Nov 13, 2019.
             Was a High Priest of Trog.
             Quit the game on level 9 of the Dungeon on Nov 14, 2019.
             The game lasted 00:20:57 (7721 turns).

Edgeworth the Basher (Grey Draconian Berserker)     Turns: 7721, Time: 00:20:57

Health: 86/86      AC: 18    Str: 21 (22) XL:     10   Next: 11%
Magic:  19/19      EV: 15    Int:  7      God:    Trog [*****.]
Gold:   217        SH:  4    Dex:  9 (10) Spells: 9/9 levels left

rFire    . . .     SeeInvis +   D - +1 morningstar of Fortitude {vamp, rN+ Stlth+}
rCold    . . .     Gourm    .   d - +0 buckler
rNeg     + . .     Faith    .   (armour unavailable)
rPois    .         Spirit   .   o - +1 hat
rElec    .         Reflect  .   M - +0 cloak "Licli" {MP+9 SInv}
rCorr    +         Harm     .   p - +2 pair of gloves
MR       .....                  G - +0 pair of boots
Stlth    ++........             (no amulet)
HPRegen  0.24/turn              k - ring of resist corrosion
MPRegen  0.16/turn              (no ring)

@: no status effects
A: walk through water, unfitting armour, claws 2, blurry vision 1, clumsy 1,
unbreathing, cold-blooded, AC +12
a: Berserk, Trog's Hand, Brothers in Arms, Renounce Religion


You were on level 9 of the Dungeon.
You worshipped Trog.
Trog was extremely pleased with you.
You were not hungry.

You visited 1 branch of the dungeon, and saw 9 of its levels.
You also visited: Ossuary and Bailey.

You collected 695 gold pieces.
You spent 478 gold pieces at shops.

Inventory:

Hand Weapons
 n - a +1 flail of crushing
 D - the +1 morningstar of Fortitude (weapon) {vamp, rN+ Stlth+}
   (You found it on level 8 of the Dungeon)

   It inflicts no extra harm, but heals its wielder when it wounds a living foe.
   It protects you from negative energy.
   It makes you more stealthy.
 E - a +0 flail of protection
Missiles
 s - 3 atropa-tipped darts (quivered)
Armour
 d - a +0 buckler (worn)
 o - a +1 hat (worn)
 p - a +2 pair of gloves (worn)
 w - a +2 pair of gloves
 G - a +0 pair of boots (worn)
 M - the +0 cloak "Licli" (worn) {MP+9 SInv}
   (You bought it in a shop on level 5 of the Dungeon)

   It affects your magic capacity (+9).
   It lets you see invisible.
Jewellery
 k - a ring of resist corrosion (left hand)
 I - an uncursed amulet of the acrobat {unknown}
Wands
 q - a wand of polymorph (14)
 t - a wand of random effects (17)
 y - a wand of flame (26)
Scrolls
 c - a scroll of random uselessness {unknown}
 e - 5 scrolls of remove curse
 f - 8 scrolls of teleportation
 g - a scroll of magic mapping {unknown}
 h - 10 scrolls of identify
 i - 2 scrolls of enchant armour {unknown}
 j - 2 scrolls of blinking {unknown}
 l - 4 scrolls of enchant weapon {unknown}
 m - 2 scrolls of fear {unknown}
 r - 2 scrolls of amnesia {unknown}
 C - a scroll of noise {unknown}
 K - a scroll of summoning {unknown}
Potions
 a - 5 potions of curing {unknown}
 u - a potion of degeneration {unknown}
 v - 3 potions of berserk rage {unknown}
 x - 3 potions of heal wounds {unknown}
 z - 2 potions of agility {unknown}
 A - a potion of flight {unknown}
 B - 2 potions of brilliance {unknown}
 F - a potion of magic {unknown}
 H - a potion of haste {unknown}
 J - a potion of cancellation {unknown}
 L - a potion of invisibility {unknown}
 N - a potion of might {unknown}
Comestibles
 b - 17 rations


   Skills:
 + Level 7.4 Fighting
   Level 5.3(8.1) Axes
 + Level 9.4(10.0) Maces & Flails
 + Level 7.1 Dodging
 + Level 4.2 Shields


You had 9 spell levels left.
You didn't know any spells.
Your spell library was empty.

Dungeon Overview and Level Annotations

Branches:
Dungeon (9/15)             Temple (0/1) D:4         Ossuary (visited)
 Bailey (visited)
   Lair: D:8-11         Orc: D:9-12

Altars:
Ashenzari
Gozag
Kikubaaqudgha
Makhleb
Ru
Vehumet
Yredelemnul

Shops:
D:4 [(*   D:5 [   D:9 *

Annotations:
D:5 3 runed translucent doors, Voldus's ghost, novice OpFi


Innate Abilities, Weirdness & Mutations

You can walk through water.
Your dull iron-grey scales are very hard. (AC +12)
You cannot fit into any form of body armour.
You can survive without breathing.
You are cold-blooded and may be slowed by cold attacks.
You have very sharp fingernails.
Scrolls take you a little longer to read.
You are clumsy. (Dex -2)


Message History

You barely miss the ogre.
The ogre is heavily wounded.
You closely miss the ogre.
Your tail-slap misses the ogre.
The ogre is heavily wounded.
The ogre hits you but does no damage.
You hit the ogre.
The ogre is severely wounded.
You block the ogre's attack.
You impale the ogre!!
You kill the ogre!
Trog accepts your kill.
Things that are here:
a +0 giant club; an ogre corpse
Found 16 gold pieces.
Welcome back, Edgeworth the Grey Draconian Berserker.
Trog says: Kill them all!
Press ? for a list of commands and other information.
Quiver which item? (- for none, * to show all) (? for menu, Esc to quit)
Okay, then.
Are you sure you want to abandon this character and quit the game? (Confirm with "yes".)

....##...# #...#
....##.$.# #...#
....##...# #...#
....##...# #...#
....##...# #...#
....##...####...#
....##..........#####
...)............@...#
....................#
#########
..########...........#
#........ ..#
#..######.....##........
..# #[.#
#...####........ ..#
#..# #...# #........ ..#
#..# #...# #........
..########..# #...#
#........
............######...#
#........


There were no monsters in sight!

Vanquished Creatures
  A hornet (D:8)
  2 hippogriffs (D:7)
  A human (D:8)
  Menkaure (D:4)
  3 ice beasts
  A black bear (D:7)
  5 orc warriors
  3 phantoms
  4 ogres
  A centaur (D:9)
  A big kobold (D:8)
  6 bullfrogs
  A water moccasin zombie (D:7)
  A scorpion (D:7)
  3 killer bees (D:7)
  7 wights
  A howler monkey (D:8)
  2 crimson imps
  A centaur zombie (D:5)
  2 hounds
  3 orc priests
  2 jellies
  2 orc wizards
  6 worker ants
  2 hound skeletons
  8 mummies (Ossuary)
  Robin (D:4)
  7 adders
  6 gnolls
  4 oozes
  An adder zombie (D:5)
  4 worms
  A dart slug (D:1)
  7 leopard geckos
  31 orcs
  4 giant cockroaches
  A gnoll zombie (Ossuary)
  16 goblins
  19 hobgoblins
  19 jackals
  4 quokkas
  2 ball pythons
  9 bats
  A frilled lizard (D:3)
  2 hobgoblin zombies (Ossuary)
  A jackal skeleton (D:4)
  10 kobolds
  A kobold zombie (Ossuary)
  A leopard gecko zombie (D:7)
  4 orc zombies (Ossuary)
  2 quokka zombies
  6 rats
234 creatures vanquished.

Notes
Turn   | Place    | Note
-------+----------+-------------------------------------------
     0 | D:1      | Edgeworth the Draconian Berserker began the quest for the
                  | Orb.
     0 | D:1      | Reached XP level 1. HP: 19/19 MP: 1/1
   428 | D:1      | Reached XP level 2. HP: 19/26 MP: 2/2
   720 | D:1      | Reached XP level 3. HP: 31/33 MP: 3/3
   997 | D:2      | Reached ** piety under Trog
  1246 | D:2      | Reached XP level 4. HP: 40/40 MP: 4/4
  1374 | D:2      | Found an opulent altar of Gozag.
  1374 | D:2      | Found a basalt altar of Yredelemnul.
  1375 | D:2      | Found a sacrificial altar of Ru.
  1804 | D:3      | Noticed a bullfrog
  1817 | D:3      | Killed a bullfrog
  1817 | D:3      | Reached XP level 5. HP: 22/46 MP: 5/5
  2077 | D:3      | Reached skill level 5 in Axes
  2600 | D:4      | Found a shattered altar of Ashenzari.
  2638 | D:4      | Reached *** piety under Trog
  2744 | D:4      | Found a staircase to the Ecumenical Temple.
  2775 | D:4      | Reached XP level 6. HP: 42/53 MP: 6/6
  2810 | D:4      | Reached skill level 1 in Shields
  2812 | D:4      | Noticed Robin
  2833 | D:4      | Killed Robin
  2923 | D:4      | Found Xaul Giny's Antique Armour Emporium.
  2981 | D:4      | Noticed Menkaure
  2986 | D:4      | Gained mutation: You have sharp toenails. [potion of
                  | mutation]
  2986 | D:4      | Gained mutation: Your body sometimes deteriorates upon
                  | taking damage. [potion of mutation]
  2986 | D:4      | Gained mutation: Your spells are a little harder to cast,
                  | but a little more powerful. [potion of mutation]
  2986 | D:4      | Gained mutation: Your mind is acute. (Int +2) [potion of
                  | mutation]
  2988 | D:4      | Killed Menkaure
  2988 | D:4      | Reached skill level 2 in Maces & Flails
  3359 | D:4      | Found Vudy's General Store.
  3372 | D:4      | Bought a +2 pair of gloves for 231 gold pieces
  3681 | D:4      | Found Goul's Antique Weapon Shop.
  3723 | D:5      | Entered Level 5 of the Dungeon
  3757 | D:5      | Your scales start taking on a dull iron-grey colour.
  3757 | D:5      | Reached XP level 7. HP: 57/60 MP: 7/7
  3757 | D:5      | Gained mutation: You can survive without breathing. [Grey
                  | Draconian growth]
  3799 | D:5      | Found a runed translucent gate.
  3800 | D:5      | Found a runed translucent gate.
  3800 | D:5      | Found an opulent altar of Gozag.
  3801 | D:5      | Found a runed translucent gate.
  3802 | D:5      | Noticed Voldus's ghost (novice OpFi)
  3832 | D:5      | Found Issaplye's Antique Armour Emporium.
  3942 | D:5      | Reached skill level 3 in Maces & Flails
  3944 | D:5      | Reached skill level 5 in Fighting
  4284 | D:6      | Reached **** piety under Trog
  4298 | D:6      | Reached skill level 4 in Maces & Flails
  4338 | D:6      | Received a gift from Trog
  4338 | D:6      | Reached skill level 5 in Dodging
  4338 | D:6      | Reached XP level 8. HP: 38/69 MP: 8/8
  4345 | D:6      | Reached skill level 5 in Maces & Flails
  4853 | D:7      | Reached skill level 6 in Maces & Flails
  4901 | D:7      | Found a flagged portal.
  4910 | Bailey   | Entered a bailey
  5172 | Bailey   | Reached skill level 7 in Maces & Flails
  5172 | Bailey   | Reached XP level 9. HP: 42/75 MP: 9/9
  5609 | D:7      | Reached skill level 8 in Maces & Flails
  6145 | D:8      | Paralysed by a hornet for 1 turns
  6170 | D:8      | Got a smoking morningstar
  6171 | D:8      | Identified the +1 morningstar of Fortitude {vamp, rN+
                  | Stlth+} (You found it on level 8 of the Dungeon)
  6415 | D:8      | Reached ***** piety under Trog
  6451 | D:8      | Reached skill level 9 in Maces & Flails
  6540 | D:8      | Found a sand-covered staircase.
  6545 | Ossuary  | Entered an ossuary
  6860 | D:5      | Bought an encrusted cloak for 247 gold pieces
  6865 | D:5      | Identified the +0 cloak "Licli" {MP+9 SInv} (You bought it
                  | in a shop on level 5 of the Dungeon)
  6949 | D:8      | Lost mutation: Your mind is acute. (Int +2) [potion of
                  | mutation]
  6949 | D:8      | Lost mutation: You have sharp toenails. [potion of
                  | mutation]
  6949 | D:8      | Lost mutation: Your spells are a little harder to cast, but
                  | a little more powerful. [potion of mutation]
  6949 | D:8      | Lost mutation: Your body sometimes deteriorates upon taking
                  | damage. [potion of mutation]
  6949 | D:8      | Gained mutation: You are clumsy. (Dex -2) [potion of
                  | mutation]
  6949 | D:8      | Gained mutation: You have sharp fingernails. [potion of
                  | mutation]
  6949 | D:8      | Gained mutation: Scrolls take you a little longer to read.
                  | [potion of mutation]
  6949 | D:8      | Gained mutation: You have very sharp fingernails. [potion
                  | of mutation]
  6983 | D:8      | Reached XP level 10. HP: 86/86 MP: 10/10
  7326 | D:9      | Found Amiotas's General Store.
  7354 | D:9      | Found a faded altar of an unknown god.
  7354 | D:9      | Found a faded altar of an unknown god.
  7359 | D:9      | Found an ancient bone altar of Kikubaaqudgha.
  7361 | D:9      | Found a burning altar of Makhleb.
  7363 | D:9      | Found a radiant altar of Vehumet.
  7721 | D:9      | Upgraded the game from 0.24.0-28-g17ded55e90 to
                  | 0.24.0-29-g8ce449bc06
  7721 | D:9      | Quit the game

Levels and vault maps discovered:
D:1:      dpeg_arrival_tiny_a, layout_basic, kennysheep_boxes
D:2:      layout_loops_cross, gammafunk_temple_overflow_forgotten,
          serial_forest, infiniplex_forest_clump_cross,
          infiniplex_forest_lined_2, infiniplex_forest_end_2,
          infiniplex_forest_lined_2, infiniplex_forest_clump_curved,
          infiniplex_forest_straight_2, infiniplex_forest_straight_5
D:3:      layout_loops_corners, cheibrodos_sewer_entry_bend, item_on_display_a
D:4:      layout_loops_ring, minmay_temple_entry_antechambers, first_ration,
          serial_shops, shop, nicolae_shop_trees, kennysheep_mini, minivault_25,
          nicolae_ashenzari_panopticon, uniq_menkaure, uniq_robin
D:5:      layout_rooms, serial_shops, kennysheep_little_box, ebering_ghost_gozag
D:6:      layout_basic
D:7:      layout_gridville, enter_bailey_2
D:8:      minmay_general_purpose_star, layout_gridville, enter_ossuary_2,
          grunt_pizzeria, minmay_misc_feat_nine_boxes
D:9:      minmay_razor_zed, layout_small_grid,
          chequers_temple_overflow_minitemple, serial_shops,
          nicolae_shop_behind_doors, kennysheep_generic_room_5

Skill      XL: |  1  2  3  4  5  6  7  8  9 |
---------------+----------------------------+-----
Dodging        | 3 4 5 7 |  7.1
Axes           | 4 5 |  5.3
Fighting       | 4 5 6 7 |  7.4
Shields        | 1 2 4 |  4.2
Maces & Flails | 2 4 7 9 |  9.4

Action                   |  1- 3 |  4- 6 |  7- 9 | 10-12 || total
-------------------------+-------+-------+-------+-------++-------
Melee: Hand axe          |   125 |   172 |       |       ||   297
       Tailslap          |    11 |    28 |    51 |     6 ||    96
       Flail             |       |    85 |   293 |       ||   378
       Kick              |       |     4 |    78 |       ||    82
       Morningstar       |       |       |   101 |    40 ||   141
Invok: Berserk           |       |     1 |     1 |       ||     2
       Trog's Hand       |       |       |     1 |       ||     1
  Use: Potion            |       |     1 |     1 |       ||     2
       Scroll            |       |       |     4 |       ||     4
 Stab: Sleeping          |     1 |     1 |       |       ||     2
  Eat: Chunk             |     1 |     8 |     6 |       ||    15
       Ration            |       |     1 |     2 |       ||     3
Armor: Skin              |    44 |    68 |   188 |    14 ||   314
Dodge: Dodged            |    89 |   133 |   421 |    25 ||   668
Block: Buckler           |     8 |    36 |   116 |     6 ||   166
